 Dungeon Crawl Stone Soup version 0.29.1-15-g9cfb28693d (webtiles) character file.

Game seed: 414720117208072527

417 WimpyRanger the Ruffian (level 6, 0/59 HPs)
             Began as a Troll Gladiator on Mar 14, 2023.
             Slain by a killer bee (1 damage)
             ... on level 5 of the Dungeon.
             The game lasted 00:05:33 (2884 turns).

WimpyRanger the Ruffian (Troll Gladiator)           Turns: 2884, Time: 00:05:34

Health: 0/59       AC:  5    Str: 24 (25) XL:     6   Next: 61%
Magic:  5/5        EV: 10    Int:  3 (4)  God:
Gold:   144        SH:  0    Dex:  9 (11) Spells: 5/5 levels left

rFire   . . .      SeeInvis .     - Unarmed
rCold   . . .      Faith    .   (no shield)
rNeg    . . .      Spirit   .   a - +0 robe
rPois   .          Reflect  .   b - +0 hat
rElec   .          Harm     .   t - +0 cloak
rCorr   .          Rampage  .   (gloves unavailable)
Will    .....                   (boots unavailable)
Stlth   +.........              (no amulet)
HPRegen 0.99/turn               (no ring)
MPRegen 0.09/turn               (no ring)

@: lethally poisoned (0 -> -2), flying
A: large, unfitting armour, claws 3, regeneration 1, shaggy fur 1, tough skin 1
a: no special abilities


You were on level 5 of the Dungeon.
You visited 1 branch of the dungeon, and saw 5 of its levels.

You collected 144 gold pieces.

Inventory:

Missiles
 c - 3 throwing nets (quivered)
 d - a large rock
Armour
 a - a +0 robe (worn)
 b - a +0 hat (worn)
 t - a +0 cloak (worn)
 u - a scarf of shadows
Wands
 n - a wand of mindburst (8)
Scrolls
 f - 5 scrolls of identify {unknown}
 g - 3 scrolls of teleportation {unknown}
 h - 4 scrolls of butterflies {unknown}
 j - 2 scrolls of vulnerability {unknown}
 k - a scroll of fear {unknown}
 p - a scroll of enchant weapon {unknown}
 r - a scroll of amnesia {unknown}
 s - a scroll of noise {unknown}
Potions
 e - a potion of resistance {unknown}
 i - a potion of cancellation {unknown}
 l - a potion of flight
 m - 2 potions of degeneration
 o - a potion of lignification {unknown}
 q - a potion of curing {unknown}


   Skills:
 * Level 2.9 Fighting
 - Level 1.7 Throwing
 + Level 3.7 Dodging
 + Level 0.6 Stealth
 + Level 5.7 Unarmed Combat


You had 5 spell levels left.
You didn't know any spells.
Your spell library contained the following spells:

 Spells                   Type           Power      Damage    Failure   Level
 Necrotise                Necr           0%         1d4       52%         1
 Ignite Poison            Fire/Tmut/Pois 0%         N/A       88%         3
 Mephitic Cloud           Conj/Pois/Air  0%         N/A       88%         3
 Vampiric Draining        Necr           0%         2d6       88%         3
 Agony                    Necr           0%         N/A       100%        5
 Freezing Cloud           Conj/Ice/Air   0%         6-21      100%        5


Dungeon Overview and Level Annotations

Branches:
Dungeon (5/15)
 Temple: D:4-7

Altars:
Hepliaklqana
Sif Muna
Vehumet
Yredelemnul
The Shining One

Annotations:
D:5 Grinder


Innate Abilities, Weirdness & Mutations

You are too large for most types of armour.
You have claws for hands.
Your natural rate of healing is unusually fast.
You are covered in fur. (AC +1)
You have tough skin. (AC +1)


Message History

You scratch Grinder but do no damage.
Grinder is almost dead.
The killer bee stings you! The killer bee barely misses you.
Grinder gestures at you.
You suddenly lose the ability to move!
The killer bee stings you.
A killer bee comes into view.
The killer bee stings you!
Grinder says, "What is the universe for?"
Grinder completely misses you.
The killer bee moves out of view.
The killer bee stings you! The killer bee stings you. Grinder gestures at you.
You barely resist. The killer bee stings you!
* * * LOW HITPOINT WARNING * * *
You are poisoned.
The killer bee poisons you! The killer bee stings you.
* * * LOW HITPOINT WARNING * * *
You are more poisoned.
The killer bee poisons you! Grinder gestures at you.
You shrug off the repeated paralysis!
You feel very sick.
The killer bee stings you but does no damage. x2
Grinder hits you.
* * * LOW HITPOINT WARNING * * *
You can move again.
It was a potion of flight.
You feel very buoyant.
You fly up into the air.
You feel very sick. The killer bee closely misses you.
The killer bee stings you.
* * * LOW HITPOINT WARNING * * *
Grinder hits you but does no damage.
It was a potion of degeneration.
There was something very wrong with that liquid.
You feel weakened.
You feel dopey.
You feel clumsy.
* * * LOW HITPOINT WARNING * * *
You feel sick. The killer bee closely misses you. The killer bee stings you.
You die...

. .. ##### ...
#...# ##
....#..)#####...
#............?.
#....<.......
#...@.####...
#....y5.#
..........#
.###........
##.#......
.........$#
..?.........
#.##.........


You could see Grinder and a killer bee.

Vanquished Creatures
  The ghost of AverageBear the Chopper, an amateur OpFi (D:3)
  3 orc priests
  2 orc wizards (D:4)
  Terence (D:3)
  2 gnolls
  5 adders
  A worm (D:4)
  3 dart slugs
  14 orcs
  5 bats
  9 endoplasms
  7 giant cockroaches
  12 goblins
  5 hobgoblins
  3 jackals (D:2)
  3 kobolds
  6 quokkas
  7 ball pythons
  2 frilled lizards
  3 rats
94 creatures vanquished.

Notes
Turn   | Place    | Note
-------+----------+-------------------------------------------
     0 | D:1      | WimpyRanger the Troll Gladiator began the quest for the
                  | Orb.
     0 | D:1      | Reached XP level 1. HP: 19/19 MP: 0/0
    56 | D:1      | Found a faded altar of an unknown god.
   124 | D:1      | Reached XP level 2. HP: 28/28 MP: 1/1
   407 | D:1      | Reached XP level 3. HP: 27/35 MP: 2/2
  1098 | D:2      | You fall into a shaft and drop 2 floors!
  1145 | D:3      | Reached skill level 4 in Unarmed Combat
  1259 | D:2      | Reached XP level 4. HP: 42/42 MP: 3/3
  1849 | D:3      | Found a runed translucent door.
  1869 | D:3      | Reached XP level 5. HP: 46/50 MP: 4/4
  1895 | D:3      | Noticed AverageBear's ghost (amateur OpFi)
  2090 | D:3      | Noticed Terence
  2100 | D:3      | Killed Terence
  2202 | D:3      | Found a glowing golden altar of the Shining One.
  2207 | D:3      | Found a basalt altar of Yredelemnul.
  2208 | D:3      | Found a shimmering blue altar of Sif Muna.
  2212 | D:3      | Found a hazy altar of Hepliaklqana.
  2318 | D:3      | Killed AverageBear's ghost
  2319 | D:3      | Reached skill level 5 in Unarmed Combat
  2378 | D:4      | Reached XP level 6. HP: 52/59 MP: 5/5
  2588 | D:4      | Found a radiant altar of Vehumet.
  2871 | D:5      | Entered Level 5 of the Dungeon
  2871 | D:5      | Noticed Grinder
  2878 | D:5      | Paralysed by Grinder for 4 turns
  2883 | D:5      | HP: 2/59 [killer bee (4)]
  2884 | D:5      | Slain by a killer bee

Illustrated notes

Levels and vault maps discovered:
D:1:      dpeg_arrival_oval, layout_loops_ring,
          ebering_ecumenical_altar_sacrificial, minmay_misc_feat_square
D:2:      kennysheep_big_flooded_room, layout_basic, minmay_pentomino_o4
D:3:      minmay_angry_zag, layout_rooms, minitemple,
          ebering_ghost_reflecting_pool, kennysheep_boxes, uniq_terence
D:4:      layout_cave_pools, mainiacjoe_overflow_tiny_flanked
D:5:      layout_rooms, zin_treasury, grunt_ministairs_1, dk_vineyard_2,
          uniq_grinder, uniq_duvessa

Skill      XL: |  1  2  3  4  5 |
---------------+----------------+-----
Fighting       | 2 |  2.9
Dodging        | 3 |  3.7
Unarmed Combat | 4 5 |  5.7
Throwing       | |  1.7
Stealth        | |  0.6

Action                   |  1- 3 |  4- 6 || total
-------------------------+-------+-------++-------
Melee: Unarmed           |    74 |   159 ||   233
       Punch             |     2 |     5 ||     7
  Use: Potion            |       |     2 ||     2
 Stab: Sleeping          |     2 |       ||     2
Armor: Robe              |    19 |    56 ||    75
Dodge: Dodged            |    28 |    91 ||   119
